 Dungeon Crawl Stone Soup version 0.25-a0-513-ge77a69270c (webtiles) character file.

Game seed: 11973775447561893042, levelgen mode: deterministic

22 mopl the Vexing (level 2, -4/19 HPs)
             Began as a Demonspawn Enchanter on Feb 16, 2020.
             Slain by an adder (5 damage)
             ... on level 2 of the Dungeon.
             The game lasted 00:01:17 (1168 turns).

mopl the Vexing (Demonspawn Enchanter)              Turns: 1168, Time: 00:01:18

Health: -4/19      AC:  2    Str:  8    XL:     2   Next: 68%
Magic:  3/5        EV: 12    Int: 16    God:
Gold:   70         SH:  0    Dex: 13    Spells: 4/5 levels left

rFire    . . .     SeeInvis .   a - +1 dagger
rCold    . . .     Gourm    .   (no shield)
rNeg     . . .     Faith    .   b - +0 robe
rPois    .         Spirit   .   (helmet restricted)
rElec    .         Reflect  .   (no cloak)
rCorr    .         Harm     .   (no gloves)
MR       .....                  (no boots)
Stlth    ++........             (no amulet)
HPRegen  0.06/turn              (no ring)
MPRegen  0.09/turn              (no ring)

@: lethally poisoned (-4 -> -8)
A: horns 1
a: no special abilities


You were on level 2 of the Dungeon.
You were not hungry.

You visited 1 branch of the dungeon, and saw 2 of its levels.

You collected 70 gold pieces.

Inventory:

Hand Weapons
 a - a +1 dagger (weapon)
Armour
 b - a +0 robe (worn)
Scrolls
 c - a scroll of immolation {unknown}
 f - 2 scrolls of identify {unknown}
 i - a scroll of fog {unknown}
Potions
 e - a potion of ambrosia {unknown}
 h - a potion of curing {unknown}
Comestibles
 d - 2 rations
 g - 5 chunks of flesh


   Skills:
 + Level 1.1 Short Blades
 - Level 1.7 Dodging
 * Level 3.0 Stealth
 * Level 2.3 Spellcasting
 * Level 3.3 Hexes


You had 4 spell levels left.
You knew the following spells:

 Your Spells              Type           Power        Failure   Level  Hunger
a - Corona                Hex            ##.....      4%          1    #......

Your spell library contained the following spells:

 Spells                   Type           Power        Failure   Level  Hunger
 Ensorcelled Hibernation  Hex/Ice        #.....       16%         2    ###....
 Confusing Touch          Hex            ##......     16%         3    ###....
 Tukima's Dance           Hex            ##......     16%         3    ###....
 Dazzling Flash           Conj/Hex       #.....       30%         3    ###....


Dungeon Overview and Level Annotations

Branches:
Dungeon (2/15)

Altars:


Innate Abilities, Weirdness & Mutations

You have a pair of small horns on your head.


Message History

The adder is moderately wounded.
The adder bites you.
* * * LOW HITPOINT WARNING * * *
You barely miss the adder. Your headbutt misses the adder.
The adder is moderately wounded.
The adder bites you but does no damage. The adder closely misses you.
You hit the adder. Your headbutt misses the adder.
The adder is heavily wounded.
The adder bites you.
* * * LOW HITPOINT WARNING * * *
You are lethally poisoned!
The adder poisons you!
You barely miss the adder. Your headbutt misses the adder.
The adder is heavily wounded.
* * * LOW HITPOINT WARNING * * *
You feel sick. The adder misses you.
You hit the adder. Your headbutt misses the adder.
The adder is severely wounded.
The adder bites you.
You die...

##### .... ##...
#... ... #>#
#.#######.######.
#..$.@Sb.).......
#..#####..#.##.#.
#.<#####(.# #
#......#..#
###........#
#.......##.#
#.......##...
#.......####.#
#.......# .#


You could see an adder and a bat.

Vanquished Creatures
  2 bats (D:1)
  A giant cockroach (D:1)
  5 hobgoblins
  2 jackals (D:2)
  2 kobolds (D:1)
  3 frilled lizards
  2 goblins (D:1)
  4 rats
21 creatures vanquished.

Notes
Turn   | Place    | Note
-------+----------+-------------------------------------------
     0 | D:1      | mopl the Demonspawn Enchanter began the quest for the Orb.
     0 | D:1      | Reached XP level 1. HP: 13/13 MP: 3/3
   437 | D:1      | Reached skill level 1 in Short Blades
   687 | D:1      | Reached skill level 3 in Stealth
   687 | D:1      | Gained mutation: You have a pair of small horns on your
                  | head. [demonic ancestry]
   687 | D:1      | Reached XP level 2. HP: 13/19 MP: 0/5
  1168 | D:2      | Slain by an adder

Levels and vault maps discovered:
D:1:      matt_arrival_refuge, layout_basic
D:2:      layout_loops_ring, lemuel_crystal_altar, kennysheep_generic_room_16,
          uniq_sigmund

Skill      XL: |  1 |
---------------+----+-----
Short Blades   | 1 |  1.1
Stealth        | 3 |  3.0
Dodging        | |  1.7
Spellcasting   | |  2.3
Hexes          | |  3.3

Action                   || total
-------------------------++-------
Melee: Dagger            ||    75
 Cast: Corona            ||    15
 Stab: Sleeping          ||     4
  Eat: Chunk             ||     1
Armor: Robe              ||    18
Dodge: Dodged            ||    51

Table legend:
 A = Non-vault XP
 B = Vault XP
 C = Vault XP percentage of total XP
 D = Non-vault monster count
 E = Vault monster count
 F = Vault count percentage of total count
                 A         B        C        D         E       F
            +---------+---------+-------+---------+---------+-------
      Total |      32 |       0 |   0.0 |      21 |       0 |   0.0
            +---------+---------+-------+---------+---------+-------
        D:1 |      24 |       0 |   0.0 |      16 |       0 |   0.0
        D:2 |       8 |       0 |   0.0 |       5 |       0 |   0.0
            +---------+---------+-------+---------+---------+-------
